 Dungeon Crawl Stone Soup version 0.26-a0-259-g1effd001a9 (webtiles) character file.

Game seed: 9028397251505208239

399 HoaS the Twirler (level 6, -4/39 HPs)
             Began as a Gargoyle Gladiator on July 19, 2020.
             Slain by Duvessa
             ... wielding a +0 short sword
              (6 damage)
             ... on level 4 of the Dungeon.
             The game lasted 00:08:30 (2218 turns).

HoaS the Twirler (Gargoyle Gladiator)               Turns: 2218, Time: 00:08:31

Health: -4/39      AC: 12    Str: 19    XL:     6   Next: 84%
Magic:  6/6        EV: 10    Int:  9    God:
Gold:   210        SH:  0    Dex: 11    Spells: 5/5 levels left

rFire    + . .     SeeInvis .   a - +1 quarterstaff
rCold    . . .     Faith    .   (shield currently unavailable)
rNeg     + . .     Spirit   .   h - +0 scale mail
rPois    ∞         Reflect  .   c - +0 helmet
rElec    +         Harm     .   (no cloak)
rCorr    .                      i - +0 pair of gloves
MR       .....                  (no boots)
Stlth    ..........             (no amulet)
HPRegen  0.13/turn              j - ring of protection from fire
MPRegen  0.10/turn              (no ring)

@: no status effects
A: negative energy resistance 1, electricity resistance, unbreathing,
petrification resistance, rot immunity, AC +4
a: no special abilities


You were on level 4 of the Dungeon.
You were not hungry.

You visited 1 branch of the dungeon, and saw 4 of its levels.

You collected 210 gold pieces.

Inventory:

Hand Weapons
 a - a +1 quarterstaff (weapon)
Armour
 c - a +0 helmet (worn)
 h - a +0 scale mail (worn)
 i - a +0 pair of gloves (worn)
Jewellery
 j - a ring of protection from fire (left hand)
 o - a cursed ring of teleportation {unknown}
Wands
 q - a wand of iceblast (11)
Scrolls
 b - 3 scrolls of fog
 k - a scroll of fear
 l - 2 scrolls of magic mapping
Potions
 e - 2 potions of magic {unknown}
 g - a potion of stabbing {unknown}
 m - a potion of curing {unknown}
 n - a potion of flight {unknown}
 p - a potion of mutation {unknown}
Comestibles
 f - 17 rations


   Skills:
 + Level 4.7 Fighting
 * Level 6.3 Staves
 - Level 1.7 Throwing
 - Level 2.4 Dodging


You had 5 spell levels left.
You didn't know any spells.
Your spell library was empty.

Dungeon Overview and Level Annotations

Branches:
Dungeon (4/15)
 Temple: D:4-7

Altars:
Qazlal
The Shining One

Annotations:
D:4 Duvessa


Innate Abilities, Weirdness & Mutations

You are resistant to torment.
Your stone body is resilient. (AC +4)
You are immune to poison.
You resist negative energy. (rN+)
You are resistant to electric shocks. (rElec)
You can survive without breathing.
You are immune to petrification.
You are immune to rotting.


Message History

Duvessa is lightly wounded.
Duvessa closely misses you.
You sock Duvessa!
Duvessa is moderately wounded.
Duvessa closely misses you. Duvessa hits you with a +0 short sword!
You barely miss Duvessa.
Duvessa is moderately wounded.
Duvessa barely misses you.
You hit Duvessa but do no damage.
Duvessa is moderately wounded.
Duvessa hits you but does no damage. Duvessa hits you with a +0 short sword.
* * * LOW HITPOINT WARNING * * *
You hit Duvessa.
Duvessa is heavily wounded.
Duvessa hits you with a +0 short sword.
* * * LOW HITPOINT WARNING * * *
You hit Duvessa.
Duvessa is heavily wounded.
Duvessa hits you with a +0 short sword.
You die...

#......... .#.. .........
.#.# .....$... ##.#.#
......... ..#.# #........
#.#.# #........
#.#.########........
#######.........@ea....(..
.........)##...)##........
..........)'[...+........?
........).##....#.####'###
..........##....#......#
..........##....########
..........##....#
..........##....#
..........##....#


You could see Duvessa (berserk) and a worker ant.

Vanquished Creatures
  An ogre (D:4)
  Dowan (D:4)
  2 bullfrog skeletons (D:4)
  An orc wizard (D:4)
  2 worker ants (D:4)
  4 adders
  2 oozes
  2 worms (D:2)
  4 leopard geckos
  5 orcs
  A ball python (D:2)
  7 giant cockroaches
  7 goblins
  A hobgoblin (D:2)
  A quokka (D:3)
  9 bats
  5 frilled lizards
  12 kobolds
  14 rats
81 creatures vanquished.

Notes
Turn   | Place    | Note
-------+----------+-------------------------------------------
     0 | D:1      | HoaS the Gargoyle Gladiator began the quest for the Orb.
     0 | D:1      | Reached XP level 1. HP: 12/12 MP: 1/1
   206 | D:1      | Reached XP level 2. HP: 18/18 MP: 2/2
   748 | D:2      | Noticed an earth elemental
   749 | D:2      | Found a stormy altar of Qazlal.
   774 | D:2      | Reached XP level 3. HP: 22/22 MP: 3/3
   803 | D:2      | Noticed a fire elemental
   831 | D:2      | Found a glowing golden altar of the Shining One.
   844 | D:2      | Reached skill level 4 in Staves
  1075 | D:2      | Reached XP level 4. HP: 28/28 MP: 4/4
  1335 | D:2      | Noticed a water elemental
  1335 | D:2      | Noticed an air elemental
  2027 | D:4      | Reached skill level 5 in Staves
  2027 | D:4      | Reached XP level 5. HP: 30/32 MP: 5/5
  2140 | D:4      | Reached XP level 6. HP: 38/38 MP: 6/6
  2160 | D:4      | Reached skill level 6 in Staves
  2173 | D:4      | Noticed Dowan
  2174 | D:4      | Noticed Duvessa
  2197 | D:4      | Killed Dowan
  2218 | D:4      | Slain by Duvessa

Illustrated notes

Levels and vault maps discovered:
D:1:      ncdulo_wetmaze, layout_rooms
D:2:      layout_rooms, nicolae_qazlal_style_of_elements, tso_metal_star,
          first_ration
D:3:      layout_basic
D:4:      layout_basic, uniq_natasha, uniq_duvessa, uniq_blork_the_orc

Skill      XL: |  1  2  3  4  5  6 |
---------------+-------------------+-----
Staves         | 4 5 6 |  6.3
Fighting       | 3 4 |  4.7
Throwing       | |  1.7
Dodging        | |  2.4

Action                   |  1- 3 |  4- 6 || total
-------------------------+-------+-------++-------
Melee: Quarterstaff      |   120 |   163 ||   283
Throw: Throwing net      |       |     3 ||     3
  Use: Scroll            |     6 |     3 ||     9
 Stab: Held in net/web   |       |     1 ||     1
  Eat: Ration            |       |     1 ||     1
Armor: Ring mail         |    28 |       ||    28
       Scale mail        |    31 |    83 ||   114
Dodge: Dodged            |    74 |    73 ||   147

Table legend:
 A = Non-vault XP
 B = Vault XP
 C = Vault XP percentage of total XP
 D = Non-vault monster count
 E = Vault monster count
 F = Vault count percentage of total count
                 A         B        C        D         E       F
            +---------+---------+-------+---------+---------+-------
      Total |     499 |      72 |  12.6 |      80 |       1 |   1.2
            +---------+---------+-------+---------+---------+-------
        D:1 |      23 |       0 |   0.0 |      17 |       0 |   0.0
        D:2 |      94 |       0 |   0.0 |      30 |       0 |   0.0
        D:3 |      31 |       0 |   0.0 |      19 |       0 |   0.0
        D:4 |     351 |      72 |  17.0 |      14 |       1 |   6.7
            +---------+---------+-------+---------+---------+-------
